 Dungeon Crawl Stone Soup version 0.23.2-1-ga50397a (webtiles) character file.

Game seed: 7348155827083995502

1022 dvd the Firebug (level 8, 0/55 HPs)
             Began as a Demonspawn Fire Elementalist on May 3, 2019.
             Was a Believer of Okawaru.
             Slain by an orc warrior
             ... wielding a +0 flail
              (20 damage)
             ... on level 5 of the Dungeon.
             The game lasted 00:15:04 (4532 turns).

dvd the Firebug (Demonspawn Fire Elementalist)      Turns: 4532, Time: 00:15:04

Health: 0/55       AC:  4    Str:  8    XL:     8   Next: 2%
Magic:  7/14       EV: 19    Int: 18    God:    Okawaru [**....]
Gold:   212        SH:  6    Dex: 18    Spells: 8/15 levels left

rFire    . . .     SeeInvis .   i - +1 whip (venom)
rCold    + . .     Gourm    .   (no shield)
rNeg     . . .     Faith    .   a - +0 robe
rPois    .         Spirit   .   (helmet restricted)
rElec    .         Reflect  .   n - +0 cloak
rCorr    +         Harm     .   y - +0 pair of gloves
MR       .....                  (no boots)
Stlth    ++++......             (no amulet)
HPRegen  1.18/turn              k - +3 ring of dexterity
MPRegen  0.14/turn              x - ring of resist corrosion

@: heroism, very slightly contaminated
A: horns 1, large bone plates 2, cold resistance 1, powered by death 3
a: Heroism, Renounce Religion


You were on level 5 of the Dungeon.
You worshipped Okawaru.
Okawaru was pleased with you.
You were hungry.

You visited 1 branch of the dungeon, and saw 6 of its levels.
You also visited: Sewer.

You collected 212 gold pieces.

Inventory:

Hand Weapons
 b - a +0 dagger of pain
 d - a +0 club
 g - a +0 short sword
 i - a +1 whip of venom (weapon)
 u - a +0 hand axe
Armour
 a - a +0 robe (worn)
 n - a +0 cloak (worn)
 p - a +1 helmet
 y - a +0 pair of gloves (worn)
Jewellery
 k - a +3 ring of dexterity (left hand)
 o - an uncursed ring of ice
 x - a ring of resist corrosion (right hand)
Wands
 A - a wand of random effects (16)
Scrolls
 e - 2 scrolls of remove curse {unknown}
 f - 2 scrolls of random uselessness {unknown}
 l - 6 scrolls of identify {unknown}
 q - a scroll of enchant armour {unknown}
 t - a scroll of magic mapping {unknown}
 w - 2 scrolls of blinking {unknown}
 B - a scroll of immolation {unknown}
 C - a scroll of teleportation {unknown}
Potions
 h - 2 potions of mutation {unknown}
 j - a potion of haste {unknown}
 m - 6 potions of flight {unknown}
 r - 4 potions of curing {unknown}
 s - a potion of heal wounds {unknown}
 v - a potion of agility {unknown}
Comestibles
 c - 9 rations
 z - 9 chunks of flesh


   Skills:
 + Level 1.7(6.7) Fighting
 + Level 0.3(5.3) Short Blades
 + Level 2.5(7.5) Maces & Flails
 + Level 3.8(8.8) Dodging
 + Level 3.2(8.2) Stealth
 + Level 4.2 Spellcasting
 + Level 3.9 Conjurations
 + Level 4.4 Fire Magic
 + Level 0.2 Invocations


You had 8 spell levels left.
You knew the following spells:

 Your Spells              Type           Power        Failure   Level  Hunger
a - Flame Tongue          Conj/Fire      ###..        2%          1    None
b - Throw Flame           Conj/Fire      ###...       4%          2    ##.....
c - Sticky Flame          Conj/Fire      ###.....     26%         4    ####...

Your spell library contained the following spells:

 Spells                   Type           Power        Failure   Level  Hunger
 Conjure Flame            Conj/Fire      ###.....     8%          3    ###....
 Inner Flame              Hex/Fire       ##......     17%         3    ###....
 Fireball                 Conj/Fire      ###.......   58%         5    ######.


Dungeon Overview and Level Annotations

Branches:
Dungeon (6/15)
 Temple: D:4-7

Altars:
Okawaru

Annotations:
D:5 Grinder


Innate Abilities, Weirdness & Mutations

You have a pair of small horns on your head.
You are mostly covered in large bone plates. (SH +6)
Your flesh is cold resistant. (rC+)
You regenerate a lot of health from kills.


Message History

The orc warrior misses you.
You hit the orc.
You kill the orc!
Okawaru accepts your kill.
You barely miss the orc warrior.
The orc warrior is severely wounded.
The orc warrior hits you with a +0 flail!!
* * * LOW HITPOINT WARNING * * *
You barely miss the orc priest. You block the orc priest's attack.
You hit the orc warrior but do no damage.
The orc warrior looks as sick as possible!
The orc warrior is severely wounded.
You block the orc warrior's attack.
The orc priest hits you but does no damage.
You hit the orc warrior but do no damage.
The orc warrior looks as sick as possible!
Your headbutt misses the orc warrior.
The orc warrior is almost dead.
The orc warrior hits you with a +0 flail!!
You die...

#........ #........
########........
##......#........
#..>))..#........
##.)).(.#........
###########.....o#........
................@oo....[..
.........#########o.......
.........#.......o#######.
######...#...o...##
#...#...oo.# #...#......
#...#..ooo #...#..o..
#####.o..


You could see an orc warrior, an orc priest and 2 orcs.

Vanquished Creatures
  Menkaure (D:4)
  2 phantoms (D:4)
  A centaur (D:4)
  A big kobold (Sewer)
  A scorpion (D:3)
  A gnoll shaman (D:4)
  2 orc priests
  4 orc wizards
  Jessica (D:2)
  A worker ant (D:4)
  5 gnolls (D:4)
  8 adders
  2 river rats (Sewer)
  An adder skeleton (D:4)
  5 worms
  A dart slug (D:1)
  4 leopard geckos
  17 orcs
  A ball python (D:1)
  2 giant cockroaches
  10 goblins
  14 hobgoblins
  2 jackals (Sewer)
  13 kobolds
  2 quokkas
  4 bats
  11 frilled lizards
  A leopard gecko skeleton (D:4)
  8 rats
126 creatures vanquished.

Notes
Turn   | Place    | Note
-------+----------+-------------------------------------------
     0 | D:1      | dvd the Demonspawn Fire Elementalist began the quest for
                  | the Orb.
     0 | D:1      | Reached XP level 1. HP: 13/13 MP: 3/3
   307 | D:1      | Gained mutation: You regenerate a little health from kills.
                  | [demonic ancestry]
   307 | D:1      | Reached XP level 2. HP: 19/19 MP: 1/5
   500 | D:1      | Learned a level 2 spell: Throw Flame
  1173 | D:2      | Gained mutation: You are partially covered in large bone
                  | plates. (SH +4) [demonic ancestry]
  1173 | D:2      | Reached XP level 3. HP: 20/24 MP: 1/6
  1514 | D:2      | Found an iron altar of Okawaru.
  1551 | D:2      | Became a worshipper of Warmaster Okawaru
  1854 | D:2      | Noticed Jessica
  1859 | D:2      | Killed Jessica
  1859 | D:2      | Gained mutation: You regenerate health from kills. [demonic
                  | ancestry]
  1859 | D:2      | Reached XP level 4. HP: 31/31 MP: 2/8
  2511 | D:3      | Found a glowing drain.
  2551 | Sewer    | Entered a sewer
  2570 | Sewer    | Gained mutation: Your flesh is cold resistant. (rC+)
                  | [demonic ancestry]
  2570 | Sewer    | Reached XP level 5. HP: 25/36 MP: 3/9
  2731 | Sewer    | Reached * piety under Okawaru
  2749 | Sewer    | Found a white marble altar of Elyvilon.
  2885 | D:3      | Reached skill level 1 in Maces & Flails
  2929 | D:3      | Learned a level 4 spell: Sticky Flame
  2933 | D:3      | Reached skill level 1 in Fighting
  2970 | D:3      | Gained mutation: You are mostly covered in large bone
                  | plates. (SH +6) [demonic ancestry]
  2970 | D:3      | Reached XP level 6. HP: 30/43 MP: 3/11
  3510 | D:4      | Noticed Menkaure
  3515 | D:4      | Killed Menkaure
  3679 | D:4      | Reached ** piety under Okawaru
  3679 | D:4      | Gained mutation: You regenerate a lot of health from kills.
                  | [demonic ancestry]
  3679 | D:4      | Reached XP level 7. HP: 44/48 MP: 4/13
  4205 | D:5      | Entered Level 5 of the Dungeon
  4235 | D:5      | Noticed Grinder
  4473 | D:5      | Gained mutation: You have a pair of small horns on your
                  | head. [demonic ancestry]
  4473 | D:5      | Reached XP level 8. HP: 54/55 MP: 14/14
  4532 | D:5      | Slain by an orc warrior

Skill      XL: |  1  2  3  4  5  6  7 |
---------------+----------------------+-----
Dodging        | 2 3 |  3.8
Fire Magic     | 3 4 |  4.4
Stealth        | 2 3 |  3.2
Spellcasting   | 3 4 |  4.2
Conjurations   | 2 3 |  3.9
Maces & Flails | 1 2 |  2.5
Fighting       | 1 |  1.7
Short Blades   | |  0.3
Invocations    | |  0.2

Action                   |  1- 3 |  4- 6 |  7- 9 || total
-------------------------+-------+-------+-------++-------
Melee: Short sword       |     1 |       |       ||     1
       Unarmed           |     1 |       |       ||     1
       Whip              |    46 |   111 |   125 ||   282
       Punch             |       |       |     2 ||     2
       Headbutt          |       |       |     3 ||     3
 Cast: Flame Tongue      |    47 |    52 |    21 ||   120
       Throw Flame       |    15 |    25 |     6 ||    46
Invok: Heroism           |       |       |     5 ||     5
 Stab: Sleeping          |     1 |     5 |       ||     6
  Eat: Chunk             |     4 |     8 |     2 ||    14
Armor: Robe              |    14 |    30 |    30 ||    74
Dodge: Dodged            |    33 |    64 |    99 ||   196
Block: Other             |     6 |    30 |    30 ||    66
